 Dungeon Crawl Stone Soup version 0.20.1-1-g8b1a95d (webtiles) character file.

23 Irenicus the Insei (level 2, 0/24 HPs)
             Began as a Deep Dwarf Transmuter on Oct 20, 2017.
             Slain by a hobgoblin (4 damage)
             ... on level 1 of the Dungeon.
             The game lasted 00:02:19 (464 turns).

Irenicus the Insei (Deep Dwarf Transmuter)           Turns: 464, Time: 00:02:20

Health: 0/24       AC:  2    Str: 13    XL:     2   Next: 75%
Magic:  2/5        EV: 12    Int: 13    God:
Gold:   9          SH:  0    Dex: 13    Spells: 2/5 levels left

rFire    . . .     SeeInvis .     - Unarmed
rCold    . . .     Gourm    .   (no shield)
rNeg     . . .     Faith    .   b - +0 robe
rPois    .         Spirit   .   (no helmet)
rElec    .         Reflect  .   (no cloak)
rCorr    .         Harm     .   (no gloves)
MR       .....                  (no boots)
Stlth    +.........             (no amulet)
Regen    0.0/turn               (no ring)
MPRegen  0.1/turn               (no ring)

@: appendage (expiring), very slightly contaminated, non-regenerating
A: damage resistance, heal wounds, horns 2, sense surroundings 1, no
regeneration
a: Heal Wounds, End Transformation


You were on level 1 of the Dungeon.
You were not hungry.
You had grown temporary horns.
You visited 1 branch of the dungeon, and saw 1 of its levels.

You collected 9 gold pieces.

Inventory:

Missiles
 a - 9 arrows
Armour
 b - a +0 robe (worn)
Jewellery
 f - an uncursed ring of fire
Scrolls
 e - a scroll of identify {unknown}
 g - a scroll of immolation {unknown}
 h - a scroll of teleportation {unknown}
Books
 c - a book of Changes

   Spells                             Type                      Level
   a - Beastly Appendage              Transmutation                1
   b - Sticks to Snakes               Transmutation                2
   c - Spider Form                    Transmutation/Poison         3
   d - Ice Form                       Ice/Transmutation            4
   e - Blade Hands                    Transmutation                5
Comestibles
 d - 3 bread rations


   Skills:
 - Level 0.8 Fighting
 - Level 2.1 Dodging
 - Level 3.0 Unarmed Combat
 - Level 2.0 Spellcasting
 + Level 2.4 Transmutations


You had 2 spell levels left.
You knew the following spells:

 Your Spells              Type           Power        Failure   Level  Hunger
a - Beastly Appendage     Tmut           #.....       10%         1    ##.....
b - Sticks to Snakes      Tmut           #.......     14%         2    ###....


Dungeon Overview and Level Annotations

Branches:
Dungeon (1/15)

Altars:


Innate Abilities, Weirdness & Mutations

You are resistant to damage.
You can heal yourself by infusing magical energy.
You passively map a small area around you.
You do not regenerate.
You have a pair of horns on your head.


Message History

You are very lightly contaminated with residual magic.
Nothing appears to happen.
The hobgoblin throws a stone.
The stone closely misses you.
The hobgoblin throws a stone.
The stone barely misses you.
Casting: Sticks to Snakes
Confirm with . or Enter, or press ? or * to list all spells.
You grow a pair of large bovine horns.
The bat barely misses you.
The hobgoblin throws a stone.
The stone hits you but does no damage.
The hobgoblin hits you but does no damage.
You closely miss the hobgoblin.
Your transformation is almost over.
The bat hits you but does no damage. The hobgoblin hits you.
* * * LOW HITPOINT WARNING * * *
You barely miss the hobgoblin.
The hobgoblin hits you but does no damage.
You closely miss the bat. The bat closely misses you.
The hobgoblin closely misses you.
You closely miss the hobgoblin. Your headbutt misses the hobgoblin.
The bat completely misses you. The hobgoblin hits you.
You die...

##### ### #.#.######.#
######@#.....(..#######
*
#....gb(.(.((..........
######.#.######.#####.#
, ,...#.######.### #.#
* * ..............#.#
#.#
'...............#.###..
#...............#......
................#......
........#.......)......


You could see a hobgoblin and a bat.

Vanquished Creatures
  A dart slug (D:1)
  A leopard gecko (D:1)
  2 goblins (D:1)
  3 hobgoblins (D:1)
  4 jackals (D:1)
  A frilled lizard (D:1)
  4 kobolds (D:1)
  2 rats (D:1)
18 creatures vanquished.

Vanquished Creatures (collateral kills)
  A leopard gecko (D:1)
1 creature vanquished.

Grand Total: 19 creatures vanquished

Notes
Turn   | Place    | Note
-------+----------+-------------------------------------------
     0 | D:1      | Irenicus the Deep Dwarf Transmuter began the quest for the Orb.
     0 | D:1      | Reached XP level 1. HP: 16/16 MP: 3/3
    90 | D:1      | Reached skill level 3 in Unarmed Combat
   159 | D:1      | Reached XP level 2. HP: 15/24 MP: 1/4
   169 | D:1      | Learned a level 2 spell: Sticks to Snakes
   464 | D:1      | Slain by a hobgoblin

Skill      XL: |  1  2 |
---------------+-------+-----
Transmutations | 2 |  2.4
Unarmed Combat | 3 |  3.0
Spellcasting   | 2 |  2.0
Fighting       | |  0.8
Dodging        | |  2.1

Action                   || total
-------------------------++-------
Melee: Unarmed           ||    73
       Headbutt          ||     5
       Kick              ||     3
 Cast: Beastly Appendage ||    10
       Sticks to Snakes  ||     3
Armor: Robe              ||    16
Dodge: Dodged            ||    33
